 Seeded DCSS version 0.31-a0-544-gceb718ecc6 (webtiles) character file.

Game seed: 3826825538972431165 (custom seed)

5 innerfire43 the Ruffian (level 1, 11/17 HPs)
             Began as a Gnoll Shapeshifter on Aug 15, 2023.
             Got out of the dungeon alive.
             The game lasted 00:00:32 (135 turns).

innerfire43 the Ruffian (Gnoll Shapeshifter)         Turns: 135, Time: 00:00:32

Health: 11/17      AC:  2    Str: 14    XL:     1   Next: 80%
Magic:  1/1        EV: 13    Int:  7    God:
Gold:   713        SH:  0    Dex: 12    Spells: 0/0 levels left

rFire   . .          .
                       - Unarmed
rCold   . . .        (shield currently unavailable)
rNeg    . . .        a - +0 animal skin
rPois   .            (no helmet)
rElec   .            (no cloak)
rCorr   .            (no gloves)
SInv    .            (no boots)
Will    .....        (no amulet)
Stlth   +            (no ring)
HPRegen 0.22/turn    (no ring)
MPRegen 0.07/turn

%: no passive effects
@: flux-form, glowing
A: glow, contaminating, fangs 1, strong nose, distributed training
a: Begin Untransformation


You escaped.
You were something dangerously unstable.
You visited 1 branch of the dungeon, and saw 1 of its levels.

You collected 713 gold pieces.

Inventory:

Armour
 a - a +0 animal skin (worn)
Talismans
 c - a beast talisman
 d - a flux talisman (active)
Scrolls
 f - 2 scrolls of vulnerability {unknown}
Potions
 b - a potion of lignification


   Skills:
 + Level 2.4 Fighting
 + Level 0.1 Short Blades
 + Level 0.1 Long Blades
 + Level 0.1 Axes
 + Level 0.1 Maces & Flails
 + Level 0.1 Polearms
 + Level 0.1 Staves
 + Level 0.1 Ranged Weapons
 + Level 0.1 Throwing
 + Level 0.1 Armour
 + Level 4.4 Dodging
 + Level 0.1 Stealth
 + Level 0.1 Shields
 + Level 6.4 Unarmed Combat
 + Level 0.1 Spellcasting
 + Level 0.1 Conjurations
 + Level 0.1 Hexes
 + Level 0.1 Summonings
 + Level 0.1 Necromancy
 + Level 0.1 Translocations
 + Level 0.1 Transmutations
 + Level 0.1 Fire Magic
 + Level 0.1 Ice Magic
 + Level 0.1 Air Magic
 + Level 0.1 Earth Magic
 + Level 0.1 Poison Magic
 + Level 0.2 Invocations
 + Level 0.1 Evocations
 + Level 6.4 Shapeshifting


You couldn't memorise any spells.
You didn't know any spells.
Your spell library was empty.

Dungeon Overview and Level Annotations

Branches:
Dungeon (1/15)

Altars:


Innate Abilities, Weirdness & Mutations

You are something dangerously unstable.
You glow with magical radiation, making you easy to see and hit.
Foes you strike become dangerously contaminated with magical radiation.
You are incapable of wielding weapons or throwing items.
You have very sharp teeth.
Your uncanny sense of smell can sniff out nearby items.
Your experience applies equally to all skills.


Message History

The bat hits you but does no damage.
The endoplasm hits the plant.
The plant begins to die.
The frilled lizard bites you.
You hit the bat but do no damage.
The bat glows dangerously bright.
The bat is heavily wounded.
The bat hits you but does no damage. The bat misses you.
The frilled lizard closely misses you.
The endoplasm hits the plant.
You barely miss the bat.
The bat is heavily wounded.
The bat barely misses you.
The endoplasm hits the plant.
The frilled lizard misses you.
You hit the bat.
You kill the bat!
A nearby plant withers and dies.
The frilled lizard bites you. The frilled lizard barely misses you.
The endoplasm freezes you.
You are frozen.
You closely miss the frilled lizard.
A nearby plant withers and dies.
The frilled lizard misses you. The endoplasm freezes you.
You are frozen.
You barely miss the frilled lizard. You bite the frilled lizard.
You kill the frilled lizard!
The endoplasm closely misses you. The endoplasm misses you.
You hit the endoplasm but do no damage.
The endoplasm begins to glow.
The endoplasm freezes you.
You are frozen.
You hit the endoplasm.
The endoplasm glows dangerously bright.
The endoplasm is heavily wounded.
The endoplasm closely misses you.
You hit the endoplasm.
You kill the endoplasm!
You hit the plant.
The plant begins to die.
The plant begins to glow.
The plant is lightly damaged.
A nearby plant withers and dies.
You hit the plant.
The plant begins to die.
The plant begins to glow.
The plant is lightly damaged.
A nearby plant withers and dies.
There is a staircase leading out of the dungeon here.
You have escaped! .PPP.PPP.PPPPP.P#.# .P.PPP.P.PPP.PPP.PP..# P...P.PPP.PP.PP.PPP..# .....PPPPP.....PPPP#.# .PP.PP.PPP.PP.PP.PPP..# ..P....P.PPP.P.PPP.PPP.PP#.# #.....PPP.PPP.PPP.PPPPP.P#.# #....PPPPP.PP.PP.PPPPPP.P# # #.P.PPPPPPP..B..PPPPPPP.P# #...PPPPPPPPP.PPPPPPPPP.P# #....PPPPPPPP.PPPPPPPPP.P# #.....PPPPPP.P.PPPPPPP.PP# #......PP.P.PPP.PPPPP.PPP##. ####..........PPPPP.....PPPP...# ..$.....P.PPPPPPPPPPP.P.PPPP#..# ####.......................#...# #########...#####.........###

There were no monsters in sight!

Vanquished Creatures
  A bat (D:1)
  An endoplasm (D:1)
  A goblin (D:1)
  A ball python (D:1)
  A frilled lizard (D:1)
5 creatures vanquished.

Notes
Turn   | Place    | Note
-------+----------+-------------------------------------------
     0 | D:1      | innerfire43 the Gnoll Shapeshifter began the quest for the
                  | Orb.
     0 | D:1      | Reached XP level 1. HP: 17/17 MP: 1/1
    48 | D:1      | Identified a scroll of acquirement
    48 | D:1      | Acquired 713 gold pieces
   135 | D:$      | Got out of the dungeon alive.

Illustrated notes

Levels and vault maps discovered:
D:1:      roderic_crop_circles_arrival_large, layout_basic

Action                     || total
---------------------------++-------
  Melee: Unarmed           ||    35
         Bite              ||     8
    Use: Scroll            ||     1
 Armour: Animal skin       ||     5
  Dodge: Dodged            ||    24
   Form: Flux              ||     1

Table legend: (Time is in decaauts)
 A = Elapsed time spent in this place.
 B = Non-inter-level travel time spent in this place.
 C = Inter-level travel time spent in this place.
 D = Time resting spent in this place.
 E = Time spent auto-exploring this place.
 F = Levels seen in this place.
 G = Mean time per level.
                   A        B        C        D        E       F      G
               +--------+--------+--------+--------+--------+-----+--------+
         Total |    131 |    125 |      6 |      0 |     58 |   1 |  131.0 |
       Dungeon |    131 |    125 |      6 |      0 |     58 |   1 |  131.0 |
               +--------+--------+--------+--------+--------+-----+--------+

Top non-repeatable levels by time:
     D:1: 131 daAuts
